| TOP OF THE 1ST |
|
Watertown Bucks batting - Pitching for St. Cloud Rox : LHP Sal Torres
|
|
Pitching: LHP Sal Torres
|
|
|
Batting: LHB Manuel Vigil
|
0-0: Foul Ball, location: 2F 0-1: Ball 1-1: Ball 2-1: Foul Ball, location: 2F 2-2: Ball 3-2: Strikes out looking
|
|
Batting: RHB Robert Tanzi
|
0-0: Foul Ball, location: 2F 0-1: Ball 1-1: Ball 2-1: Ball 3-1: Ground out 4-3 (Groundball, 4, EV 80.0 MPH)
|
|
Batting: RHB Randy Hunt
|
0-0: Ball 1-0: Called Strike 1-1: Foul Ball, location: 2F 1-2: Ground out U3 (Groundball, 3S, EV 66.9 MPH)
|
| Top of the 1st over - 0 runs, 0 hits, 0 errors, 0 left on base; Watertown 0 - St. Cloud 0 |
| BOTTOM OF THE 1ST |
|
St. Cloud Rox batting - Pitching for Watertown Bucks : RHP Jack Littrell
|
|
Pitching: RHP Jack Littrell
|
|
|
Batting: LHB Doran Perdue
|
0-0: Ball 1-0: Swinging Strike 1-1: Foul Ball, location: 2F 1-2: Ball 2-2: SINGLE (Groundball, 4M, EV 106.3 MPH) (infield hit)
|
|
Batting: RHB Douglas Morganti
|
0-0: Ball 1-0: Ball 2-0: Called Strike 2-1: Ball 3-1: Base on Balls Doran Perdue to second
|
|
Batting: SHB R J Reynolds
|
0-0: Called Strike 0-1: Ball 1-1: Ball 2-1: SINGLE (Groundball, 34D, EV 104.4 MPH) Doran Perdue to third Douglas Morganti to second Runner from 3rd tries for Home, SAFE, throw by RF to home
|
|
Batting: LHB Tim Flannery
|
0-0: Ball 1-0: Fly out, F7 (Line Drive, 7, EV 91.9 MPH)
|
|
Batting: LHB Curtis Morgan
|
0-0: Foul Ball, location: 2F 0-1: SINGLE (Line Drive, 78S, EV 106.9 MPH) Douglas Morganti to third R J Reynolds to second Runner from 3rd tries for Home, SAFE, throw by LF to home
|
|
Batting: RHB Domingos Maravilhas
|
0-0: Called Strike 0-1: Swinging Strike 0-2: Ball 1-2: Grounds into double play, 5-4-3 (Groundball, 56S, EV 82.5 MPH)
|
| Bottom of the 1st over - 2 runs, 3 hits, 0 errors, 1 left on base; Watertown 0 - St. Cloud 2 |
| TOP OF THE 2ND |
|
Watertown Bucks batting - Pitching for St. Cloud Rox : LHP Sal Torres
|
|
Batting: RHB Eugene Cattane
|
0-0: Foul Ball, location: 2F 0-1: Called Strike 0-2: Ball 1-2: Ball 2-2: Strikes out swinging
|
|
Batting: LHB Greg Guin
|
0-0: Ball 1-0: Foul Ball, location: 2F 1-1: Called Strike 1-2: Fly out, F7 (Flyball, 7S, EV 88.8 MPH)
|
|
Batting: RHB Sebastiano Borriello
|
0-0: Ball 1-0: Called Strike 1-1: Foul Ball, location: 2F 1-2: Ball 2-2: Hit by Pitch
|
|
Batting: LHB Bryan Neal
|
0-0: Ball 1-0: Called Strike 1-1: Swinging Strike 1-2: Strikes out looking
|
| Top of the 2nd over - 0 runs, 0 hits, 0 errors, 1 left on base; Watertown 0 - St. Cloud 2 |
| BOTTOM OF THE 2ND |
|
St. Cloud Rox batting - Pitching for Watertown Bucks : RHP Jack Littrell
|
|
Batting: SHB Manny Galvez
|
0-0: Called Strike 0-1: SINGLE (Line Drive, 7LS, EV 113.1 MPH)
|
|
Batting: RHB Tony Castillo
|
0-0: Ball 1-0: Foul Ball, location: 2F 1-1: Ball 2-1: Called Strike 2-2: Grounds into double play, 6-4-3 (Groundball, 6, EV 79.4 MPH)
|
|
Batting: RHB Rich Velasquez
|
0-0: Called Strike 0-1: Ball 1-1: Swinging Strike 1-2: Foul Ball, location: 2F 1-2: Fly out, F8 (Flyball, 8LD, EV 98.1 MPH)
|
| Bottom of the 2nd over - 0 runs, 1 hit, 0 errors, 0 left on base; Watertown 0 - St. Cloud 2 |
| TOP OF THE 3RD |
|
Watertown Bucks batting - Pitching for St. Cloud Rox : LHP Sal Torres
|
|
Batting: SHB Luis Rivera
|
0-0: Ball 1-0: Ground out 5-3 (Groundball, 56, EV 89.4 MPH)
|
|
Batting: RHB Thomas Dimino
|
0-0: Ground out 6-3 (Groundball, 6, EV 83.8 MPH)
|
|
Batting: LHB Manuel Vigil
|
0-0: Called Strike 0-1: Ball 1-1: DOUBLE (Line Drive, 78M, EV 96.3 MPH)
|
|
Batting: RHB Robert Tanzi
|
0-0: Swinging Strike 0-1: Swinging Strike 0-2: Foul Ball, location: 2F 0-2: Ball 1-2: Ball 2-2: Ball 3-2: Ground out 4-3 (Groundball, 4, EV 95.6 MPH)
|
| Top of the 3rd over - 0 runs, 1 hit, 0 errors, 1 left on base; Watertown 0 - St. Cloud 2 |
| BOTTOM OF THE 3RD |
|
St. Cloud Rox batting - Pitching for Watertown Bucks : RHP Jack Littrell
|
|
Batting: LHB Doran Perdue
|
0-0: Ball 1-0: Swinging Strike 1-1: Foul Ball, location: 2F 1-2: Ball 2-2: Foul Ball, location: 2F 2-2: Foul Ball, location: 2F 2-2: Foul Ball, location: 2F 2-2: Foul Ball, location: 2F 2-2: Ball 3-2: Fly out, F7 (Flyball, 7S, EV 83.1 MPH)
|
|
Batting: RHB Douglas Morganti
|
0-0: Fly out, F5 (Flyball, 5D, EV 83.8 MPH)
|
|
Batting: SHB R J Reynolds
|
0-0: Ball 1-0: Ground out 4-3 (Groundball, 4, EV 79.4 MPH)
|
| Bottom of the 3rd over - 0 runs, 0 hits, 0 errors, 0 left on base; Watertown 0 - St. Cloud 2 |
| TOP OF THE 4TH |
|
Watertown Bucks batting - Pitching for St. Cloud Rox : LHP Sal Torres
|
|
Batting: RHB Randy Hunt
|
0-0: SINGLE (Line Drive, 6MD, EV 99.4 MPH)
|
|
Batting: RHB Eugene Cattane
|
0-0: Ball 1-0: Fly out, F8 (Flyball, 8RM, EV 94.4 MPH)
|
|
Batting: LHB Greg Guin
|
0-0: Fly out, F8 (Flyball, 8RM, EV 71.9 MPH)
|
|
Batting: RHB Sebastiano Borriello
|
0-0: Called Strike 0-1: Foul Ball, location: 2F 0-2: Ball 1-2: Strikes out swinging
|
| Top of the 4th over - 0 runs, 1 hit, 0 errors, 1 left on base; Watertown 0 - St. Cloud 2 |
| BOTTOM OF THE 4TH |
|
St. Cloud Rox batting - Pitching for Watertown Bucks : RHP Jack Littrell
|
|
Batting: LHB Tim Flannery
|
0-0: Called Strike 0-1: Ball 1-1: Ball 2-1: Called Strike 2-2: Foul Ball, location: 2F 2-2: Ball 3-2: Fly out, F9 (Flyball, 9S, EV 88.8 MPH)
|
|
Batting: LHB Curtis Morgan
|
0-0: Fly out, F8 (Flyball, 8RD, EV 101.9 MPH)
|
|
Batting: RHB Domingos Maravilhas
|
0-0: Ball 1-0: Foul Ball, location: 2F 1-1: Swinging Strike 1-2: Ball 2-2: Ball 3-2: Ground out 4-3 (Groundball, 4M, EV 92.5 MPH)
|
| Bottom of the 4th over - 0 runs, 0 hits, 0 errors, 0 left on base; Watertown 0 - St. Cloud 2 |
| TOP OF THE 5TH |
|
Watertown Bucks batting - Pitching for St. Cloud Rox : LHP Sal Torres
|
|
Batting: LHB Bryan Neal
|
0-0: Ball 1-0: Ball 2-0: Foul Ball, location: 2F 2-1: Called Strike 2-2: Foul Ball, location: 2F 2-2: Foul Ball, location: 2F 2-2: Ball 3-2: Strikes out swinging
|
|
Batting: SHB Luis Rivera
|
0-0: Ball 1-0: Swinging Strike 1-1: Ground out 2-3 (Groundball, 2R, EV 63.1 MPH)
|
|
Batting: RHB Thomas Dimino
|
0-0: Ball 1-0: Ball 2-0: Ball 3-0: Called Strike 3-1: Fly out, F8 (Flyball, 78D, EV 96.9 MPH)
|
| Top of the 5th over - 0 runs, 0 hits, 0 errors, 0 left on base; Watertown 0 - St. Cloud 2 |
| BOTTOM OF THE 5TH |
|
St. Cloud Rox batting - Pitching for Watertown Bucks : RHP Jack Littrell
|
|
Batting: SHB Manny Galvez
|
0-0: Ball 1-0: SINGLE (Flyball, 89S, EV 90.6 MPH)
|
|
Batting: RHB Tony Castillo
|
0-0: Ball 1-0: SINGLE (Flyball, 7S, EV 87.5 MPH) Manny Galvez to second
|
|
Batting: RHB Rich Velasquez
|
0-0: Fly out, F9 (Flyball, 9, EV 90.0 MPH)
|
|
Batting: LHB Doran Perdue
|
0-0: Ball Wild Pitch! Manny Galvez to third Tony Castillo to second 1-0: Intentional Walk
|
|
Batting: RHB Douglas Morganti
|
0-0: Ball 1-0: Ball 2-0: SINGLE (Groundball, 15S, EV 71.9 MPH) (infield hit) Manny Galvez scores Tony Castillo to third Doran Perdue to second
|
|
Batting: SHB R J Reynolds
|
0-0: Ball 1-0: Called Strike 1-1: Foul Ball, location: 2F 1-2: Ball 2-2: Grounds into double play, 6-2-3 (Groundball, 6, EV 85.6 MPH)
|
| Bottom of the 5th over - 1 run, 3 hits, 0 errors, 2 left on base; Watertown 0 - St. Cloud 3 |
| TOP OF THE 6TH |
|
Watertown Bucks batting - Pitching for St. Cloud Rox : LHP Sal Torres
|
|
Batting: LHB Manuel Vigil
|
0-0: Ball 1-0: Ball 2-0: Foul Ball, location: 2F 2-1: Foul Ball, location: 2F 2-2: Ground out 6-3 (Groundball, 6, EV 90.0 MPH)
|
|
Batting: RHB Robert Tanzi
|
0-0: Called Strike 0-1: Foul Ball, location: 2F 0-2: SINGLE (Groundball, 34D, EV 111.3 MPH)
|
|
Batting: RHB Randy Hunt
|
0-0: Fly out, F1 (Line Drive, P, EV 67.5 MPH)
|
|
Batting: RHB Eugene Cattane
|
0-0: Ball 1-0: Foul Ball, location: 2F 1-1: Foul Ball, location: 2F 1-2: Ball 2-2: SINGLE (Flyball, 8LS, EV 94.4 MPH) Robert Tanzi to second
|
|
Batting: LHB Greg Guin
|
0-0: Called Strike 0-1: Ball 1-1: Called Strike 1-2: Foul Ball, location: 2F 1-2: Strikes out looking
|
| Top of the 6th over - 0 runs, 2 hits, 0 errors, 2 left on base; Watertown 0 - St. Cloud 3 |
| BOTTOM OF THE 6TH |
|
St. Cloud Rox batting - Pitching for Watertown Bucks : RHP Jack Littrell
|
|
Batting: LHB Tim Flannery
|
0-0: Swinging Strike 0-1: Foul Ball, location: 2F 0-2: Ball 1-2: Ball 2-2: Foul Ball, location: 2F 2-2: TRIPLE (Flyball, 89XD, EV 100.6 MPH)
|
|
Batting: LHB Curtis Morgan
|
0-0: Intentional Walk
|
|
Batting: RHB Domingos Maravilhas
|
0-0: Called Strike 0-1: Called Strike 0-2: Fly out, F7 (Flyball, 7S, EV 85.6 MPH)
|
|
Batting: SHB Manny Galvez
|
0-0: Ball 1-0: Ball 2-0: Reached on error, E5 (Groundball, 56S, EV 80.6 MPH) Tim Flannery scores Curtis Morgan to second
|
|
Batting: RHB Tony Castillo
|
0-0: Ball 1-0: Called Strike 1-1: Foul Ball, location: 2F 1-2: Ball 2-2: Ball 3-2: Ground out 6-3 (Groundball, 6, EV 95.6 MPH) Curtis Morgan to third Manny Galvez to second
|
|
Batting: RHB Rich Velasquez
|
0-0: Ball 1-0: Called Strike 1-1: Ball 2-1: Called Strike 2-2: Ground out 5-3 (Groundball, 56, EV 99.4 MPH)
|
| Bottom of the 6th over - 1 run, 1 hit, 1 error, 2 left on base; Watertown 0 - St. Cloud 4 |
| TOP OF THE 7TH |
|
Watertown Bucks batting - Pitching for St. Cloud Rox : LHP Sal Torres
|
|
Batting: RHB Sebastiano Borriello
|
0-0: Ball 1-0: Swinging Strike 1-1: SINGLE (Line Drive, 78S, EV 101.3 MPH)
|
|
Batting: LHB Bryan Neal
|
0-0: Foul Ball, location: 2F 0-1: Ball 1-1: Called Strike 1-2: Grounds into double play, 4-6-3 (Groundball, 4, EV 90.0 MPH)
|
|
Batting: SHB Luis Rivera
|
0-0: Fly out, F8 (Flyball, 78S, EV 95.0 MPH)
|
| Top of the 7th over - 0 runs, 1 hit, 0 errors, 0 left on base; Watertown 0 - St. Cloud 4 |
| BOTTOM OF THE 7TH |
|
St. Cloud Rox batting - Pitching for Watertown Bucks : RHP Jack Littrell
|
|
Batting: LHB Doran Perdue
|
0-0: Ball 1-0: Ball 2-0: Ball 3-0: Base on Balls
|
|
Batting: RHB Douglas Morganti
|
0-0: Called Strike 0-1: Ball 1-1: Foul Ball, location: 2F 1-2: Ball 2-2: Ball 3-2: Foul Ball, location: 2F 3-2: Foul Ball, location: 2F 3-2: Foul Ball, location: 2F 3-2: SINGLE (Groundball, 6S, EV 68.8 MPH) (infield hit) Doran Perdue to second
|
|
Batting: SHB R J Reynolds
|
0-0: Called Strike 0-1: Ball 1-1: Ball 2-1: Called Strike 2-2: Fielders Choice at 2nd, 6-4 (Groundball, 6, EV 90.6 MPH) Doran Perdue to third
|
|
Pitching: LHP Kenneth Likewise
|
|
|
Batting: LHB Tim Flannery
|
0-0: Called Strike 0-1: Ball 1-1: Hit by Pitch R J Reynolds to second
|
|
Batting: LHB Curtis Morgan
|
0-0: Ball 1-0: Ball 2-0: Called Strike 2-1: Ball 3-1: Foul Ball, location: 2F 3-2: SINGLE (Groundball, 56, EV 98.1 MPH) Doran Perdue scores R J Reynolds to third Tim Flannery to second Runner from 3rd tries for Home, SAFE, throw by LF to home
|
|
Batting: RHB Domingos Maravilhas
|
0-0: Grounds into double play, 4-6-3 (Groundball, 34, EV 88.8 MPH)
|
| Bottom of the 7th over - 2 runs, 2 hits, 0 errors, 1 left on base; Watertown 0 - St. Cloud 6 |
| TOP OF THE 8TH |
|
Watertown Bucks batting - Pitching for St. Cloud Rox : LHP Sal Torres
|
|
Batting: RHB Thomas Dimino
|
0-0: Ball 1-0: Foul Ball, location: 2F 1-1: Foul Ball, location: 2F 1-2: Ball 2-2: Ball 3-2: Strikes out swinging
|
|
Pitching: LHP Mark Shiflett
|
|
|
Batting: LHB Manuel Vigil
|
0-0: Called Strike 0-1: Called Strike 0-2: Ball 1-2: Ball 2-2: Foul Ball, location: 2F 2-2: SINGLE (Line Drive, 56D, EV 101.9 MPH)
|
|
Batting: RHB Robert Tanzi
|
0-0: Ball 1-0: Foul Ball, location: 2F 1-1: Ball 2-1: Called Strike 2-2: Fly out, F7 (Line Drive, 7D, EV 90.0 MPH)
|
|
Batting: RHB Randy Hunt
|
0-0: Called Strike 0-1: Swinging Strike 0-2: Foul Ball, location: 2F 0-2: Ball 1-2: Ball 2-2: Ball 3-2: Foul Ball, location: 2F 3-2: Ground out 6-3 (Groundball, 6S, EV 83.1 MPH)
|
| Top of the 8th over - 0 runs, 1 hit, 0 errors, 1 left on base; Watertown 0 - St. Cloud 6 |
| BOTTOM OF THE 8TH |
|
St. Cloud Rox batting - Pitching for Watertown Bucks : LHP Kenneth Likewise
|
|
Batting: SHB Manny Galvez
|
0-0: Ball 1-0: Foul Ball, location: 2F 1-1: Fly out, F8 (Flyball, 8RXD, EV 84.4 MPH)
|
|
Batting: RHB Tony Castillo
|
0-0: Ball 1-0: Called Strike 1-1: SINGLE (Groundball, 6S, EV 65.6 MPH) (infield hit)
|
|
Batting: RHB Rich Velasquez
|
0-0: Ball Passed Ball! Tony Castillo to second 1-0: Ground out 6-3 (Groundball, 6M, EV 85.6 MPH) Tony Castillo to third
|
|
Batting: LHB Doran Perdue
|
0-0: Foul Ball, location: 2F 0-1: SINGLE (Groundball, 4MD, EV 103.1 MPH) Tony Castillo scores
|
|
Pinch Hitting: RHB Luis Monreal
|
0-0: Ball 1-0: Ball 2-0: SINGLE (Flyball, 9LS, EV 92.5 MPH) Doran Perdue to second
|
|
Batting: SHB R J Reynolds
|
Pickoff Throw to Second - Error! E1 Doran Perdue to third Luis Monreal to second 0-0: Ball 1-0: Ball 2-0: Fly out, F7 (Flyball, 78M, EV 88.8 MPH)
|
| Bottom of the 8th over - 1 run, 3 hits, 1 error, 2 left on base; Watertown 0 - St. Cloud 7 |
| TOP OF THE 9TH |
|
Watertown Bucks batting - Pitching for St. Cloud Rox : LHP Mark Shiflett
|
|
Now at SS: Luis Monreal
|
|
|
Batting: RHB Eugene Cattane
|
0-0: Ball 1-0: Ground out 3-1 (Groundball, 3S, EV 63.1 MPH)
|
|
Batting: LHB Greg Guin
|
0-0: Called Strike 0-1: Ball 1-1: Swinging Strike 1-2: SINGLE (Groundball, 6D, EV 97.5 MPH)
|
|
Batting: RHB Sebastiano Borriello
|
0-0: Called Strike 0-1: Ball 1-1: Ball 2-1: Foul Ball, location: 2F 2-2: Strikes out looking
|
|
Batting: LHB Bryan Neal
|
0-0: Ball 1-0: Swinging Strike 1-1: Called Strike 1-2: SINGLE (Groundball, 6MD, EV 105.6 MPH) Greg Guin to second
|
|
Batting: SHB Luis Rivera
|
0-0: Ball 1-0: Ground out U3 (Groundball, 34S, EV 64.4 MPH)
|
| Top of the 9th over - 0 runs, 2 hits, 0 errors, 2 left on base; Watertown 0 - St. Cloud 7 |
|